 Dungeon Crawl Stone Soup version 0.18.1-50-g88ac8fd (webtiles) character file.

102 magog001 the Covered (level 4, 0/41 HPs)
             Began as a Minotaur Fighter on July 5, 2017.
             Slain by Grinder (3 damage)
             ... while paralysed by Grinder
             ... on level 3 of the Dungeon.
             The game lasted 00:08:34 (1553 turns).

magog001 the Covered (Minotaur Fighter)             Turns: 1553, Time: 00:08:34

Health: 0/41       AC:  7    Str: 22    XL:     4   Next: 50%
Magic:  3/3        EV:  2    Int:  5    God:
Gold:   107        SH:  0    Dex:  9    Spells: 0 memorised, 3 levels left

rFire  . . .     SeeInvis .     a - +0 war axe
rCold  . . .     Gourm    .     b - +0 scale mail
rNeg   . . .     Faith    .     c - +0 shield
rPois  .         Spirit   .     (helmet restricted)
rElec  .         Dismiss  .     (no cloak)
rCorr  .         Reflect  .     (no gloves)
SustAt .         Harm     .     (no boots)
MR     .....                    (no amulet)
Stlth  ..........               (no ring)
                                (no ring)

@: paralysed, not resistant to hostile enchantments, extremely unstealthy
A: retaliatory headbutt, horns 2
a: no special abilities


You were on level 3 of the Dungeon.
You were not hungry.

You visited 1 branch of the dungeon, and saw 3 of its levels.

You collected 107 gold pieces.

Inventory:

Hand Weapons
 a - a +0 war axe (weapon)
Missiles
 h - 7 javelins (quivered)
 l - 28 bolts
 m - 11 poisoned needles
Armour
 b - a +0 scale mail (worn)
 c - a +0 shield (worn)
 s - a cursed +0 cloak
Scrolls
 e - 2 scrolls of identify {unknown}
 i - 5 scrolls of teleportation {unknown}
 n - a scroll of random uselessness {unknown}
 q - a scroll of remove curse {unknown}
Potions
 d - a potion of might
 j - a potion of lignification {unknown}
 p - a potion of cure mutation {unknown}
 t - 2 potions of curing {unknown}
Comestibles
 f - 3 bread rations
 g - 4 chunks of flesh
 k - 2 beef jerkies
 o - a royal jelly
 r - a meat ration
 u - 4 fruits


   Skills:
 + Level 4.5 Fighting
 + Level 3.0 Axes
 + Level 4.6 Armour
 + Level 1.0 Dodging
 + Level 4.4 Shields


You had 3 spell levels left.
You didn't know any spells.

Dungeon Overview and Level Annotations

Branches:
Dungeon (3/15)

Altars:
Elyvilon
Fedhas
Qazlal
Ru

Annotations:
D:3 Grinder


Innate Abilities, Weirdness & Mutations

You reflexively headbutt those who attack you in melee.
You have a pair of horns on your head.


Message History

Grinder gestures at you. Pain shoots through your body!
Your shield and scale mail prevent you from hitting Grinder.
Your headbutt misses Grinder. Grinder hits you.
You writhe in agony.
You closely miss Grinder. Grinder hits you but does no damage.
Grinder says, "Mostly I couldn't keep them alive."
Grinder gestures at you. You resist with significant effort.
You closely miss Grinder. Grinder hits you!
You hit Grinder.
Grinder is lightly wounded.
Grinder gestures at you.
You suddenly lose the ability to move!
Grinder hits you.
You writhe in agony.
* * * LOW HITPOINT WARNING * * *
Grinder hits you but does no damage. Grinder hits you!
* * * LOW HITPOINT WARNING * * *
You writhe in agony. x2
Grinder hits you.
You die...

### ..# #.# . #.# ..
#.# #.###.##
.##......#
......5@.#
########.# ######.##
#.......# #.####..#
##+## #. #...#
##>..## #. #.#.#
##.....###.###.#.##
##....<..##........#


You could see Grinder.

Vanquished Creatures
  3 adders (D:2)
  An ooze (D:2)
  7 dart slugs
  A giant gecko (D:1)
  A ball python (D:2)
  5 bats
  2 giant cockroaches (D:1)
  8 goblins
  10 hobgoblins
  3 jackals (D:2)
  4 kobolds
  A quokka (D:2)
  A giant newt (D:1)
  4 rats (D:2)
51 creatures vanquished.

Vanquished Creatures (others)
  A fungus (D:2)
1 creature vanquished.

Grand Total: 52 creatures vanquished

Notes
Turn   | Place    | Note
--------------------------------------------------------------
     0 | D:1      | magog001 the Minotaur Fighter began the quest for the Orb.
     0 | D:1      | Reached XP level 1. HP: 19/19 MP: 0/0
    50 | D:1      | Reached XP level 2. HP: 23/27 MP: 1/1
   550 | D:1      | Reached XP level 3. HP: 33/33 MP: 2/2
   965 | D:2      | Reached XP level 4. HP: 37/40 MP: 3/3
  1018 | D:2      | Found a white marble altar of Elyvilon.
  1035 | D:2      | Found a stormy altar of Qazlal.
  1037 | D:2      | Found a blossoming altar of Fedhas.
  1151 | D:2      | Found a sacrificial altar of Ru.
  1482 | D:3      | Reached skill level 1 in Dodging
  1539 | D:3      | Noticed Grinder
  1550 | D:3      | Paralysed by Grinder for 5 turns
  1552 | D:3      | HP: 2/41 [Grinder (7)]
  1553 | D:3      | Slain by Grinder

Skill      XL: |  1  2  3  4 |
---------------+-------------+-----
Shields        | 4 |  4.4
Fighting       | 4 |  4.5
Armour         | 4 |  4.6
Axes           | 3 |  3.0
Dodging        | 1 |  1.0

Action                   |  1- 3 |  4- 6 || total
-------------------------+-------+-------++-------
Melee: War axe           |    92 |    41 ||   133
       Headbutt          |    14 |     9 ||    23
  Eat: Chunk             |       |     2 ||     2
Armor: Scale mail        |    45 |    16 ||    61
Dodge: Dodged            |    33 |    12 ||    45
Block: Shield            |    47 |    24 ||    71
